 Dungeon Crawl Stone Soup version 0.19.0-2-gae57169 (webtiles) character file.

593905 sleepydude the Hoplite (level 27, -11/216 HPs)
             Began as a Formicid Fighter on Nov 6, 2016.
             Was the Champion of Okawaru.
             Mangled by a Killer Klown (40 damage)
             ... on level 5 of the Realm of Zot on Nov 7, 2016.
             The game lasted 05:46:18 (61828 turns).

sleepydude the Hoplite (Formicid Fighter)          Turns: 61828, Time: 05:46:19

Health: -11/216    AC: 41    Str: 34    XL:     27
Magic:  24/24      EV: 14    Int: 11    God:    Okawaru [******]
Gold:   2156       SH: 33    Dex: 11    Spells: 0 memorised, 26 levels left

rFire  + + .     SeeInvis +     W - +7 broad axe of Dominance {venom, Str+4}
rCold  . . .     Gourm    .     k - +7 gold dragon scales
rNeg   + + +     Faith    .     T - +2 large shield "Torenydo" {rC- rN+++ Regen+ Dex-2}
rPois  +         Spirit   .     (helmet unavailable)
rElec  +         Reflect  +     x - +1 cloak {rPois}
rCorr  .         Harm     .     M - +1 pair of gloves {Dex+3}
MR     ++++.                    e - +1 pair of boots {run}
Stlth  ..........               C - +3 amulet of reflection
                                r - ring "Yvaod" {+Inv rElec rF+ Int-2 SInv}
                                m - ring of the Mage {Wiz MR++ Int+3}

@: lethally poisoned (-11 -> -11), quick
A: permanent stasis, dig shafts and tunnels, four strong arms, antennae 3,
deterioration 1, frail 1, low mp 1, weak 1
a: Dig, Shaft Self, Heroism, Finesse, Renounce Religion, Evoke Invisibility
0: Orb of Zot
}: 3/15 runes: barnacled, silver, gossamer


You were on level 5 of the Realm of Zot.
You worshipped Okawaru.
Okawaru was exalted by your worship.
You were very full.

You visited 9 branches of the dungeon, and saw 47 of its levels.
You also visited: Ossuary, Bailey and Volcano.

You collected 6140 gold pieces.
You spent 3984 gold pieces at shops.

Inventory:

Hand Weapons
 N - the +14 obsidian axe {chop, +Fly SInv *Curse}
   (You bought it in a shop on level 2 of the Orcish Mines)

   It inflicts extra damage upon your enemies.
   It lets you see invisible.
   It lets you fly.
   It may re-curse itself when equipped.
 O - the +11 mace of Gussef {elec, rC+}
   (You found it on level 8 of the Dungeon)

   Occasionally, upon striking a foe, it will discharge some electrical energy
   and cause terrible harm.
   It protects you from cold.
 R - a +1 demon whip of electrocution
 W - the +7 broad axe of Dominance (weapon) {venom, Str+4}
   (You took it off an orc knight on level 1 of the Vaults)

   It poisons the flesh of those it strikes.
   It affects your strength (+4).
Armour
 c - a +0 plate armour of fire resistance
 e - a +1 pair of boots of running (worn)
 k - +7 gold dragon scales (worn)
 x - a +1 cloak of poison resistance (worn)
 A - a +0 large shield of poison resistance
 E - a +2 pair of boots of stealth
 G - a +1 cloak of poison resistance
 K - a +10 plate armour of ponderousness
 M - a +1 pair of gloves of dexterity (worn)
 Q - a +2 pair of gloves of strength
 T - the +2 large shield "Torenydo" (worn) {rC- rN+++ Regen+ Dex-2}
   (You acquired it on level 2 of the Vaults)

   It affects your dexterity (-2).
   It makes you vulnerable to cold.
   It renders you almost immune to negative energy.
   It increases your rate of regeneration.
Jewellery
 a - an uncursed ring of protection from magic
 i - a +1 ring of slaying {unknown}
 l - an uncursed ring of protection from fire
 m - the ring of the Mage (left hand) {Wiz MR++ Int+3}
   (You found it on level 2 of the Shoals)

   [ring of wizardry]

   It improves your spell success rate.
   It affects your intelligence (+3).
   It affects your resistance to hostile enchantments.
 r - the ring "Yvaod" (right hand) {+Inv rElec rF+ Int-2 SInv}
   (You took it off a vault warden on level 5 of the Vaults)

   [ring of see invisible]

   It affects your intelligence (-2).
   It protects you from fire.
   It insulates you from electricity.
   It lets you see invisible.
   It lets you turn invisible.
 w - an uncursed ring of protection from magic
 y - an uncursed ring of fire
 C - a +3 amulet of reflection (around neck)
 I - an uncursed ring of poison resistance
 L - a cursed ring of teleportation {unknown}
 U - an uncursed ring of protection from cold
 V - an uncursed amulet of regeneration
 X - an uncursed ring of protection from cold
Scrolls
 d - 7 scrolls of remove curse {@r2}
 h - 5 scrolls of enchant weapon
 u - 2 scrolls of silence
 B - 3 scrolls of recharging
 F - 4 scrolls of holy word
 H - 2 scrolls of fear
 S - a scroll of magic mapping
 Y - 3 scrolls of fog
 Z - 6 scrolls of identify {@r1}
Potions
 b - a potion of ambrosia
 j - 6 potions of agility
 n - 17 potions of curing {@q1}
 s - 2 potions of magic
 z - 9 potions of flight
 D - 6 potions of invisibility
 J - 5 potions of cure mutation
 P - a potion of cancellation
Comestibles
 f - 16 bread rations
 g - 15 fruits
 o - 16 meat rations


   Skills:
 + Level 24.6 Fighting
 - Level 16.1(17.5) Axes
 - Level 12.3(15.6) Maces & Flails
 + Level 24.3 Armour
 + Level 13.3 Dodging
 + Level 26.0 Shields
 - Level 5.7 Invocations


You had 26 spell levels left.
You didn't know any spells.

Dungeon Overview and Level Annotations

Branches:
Dungeon (15/15)            Temple (1/1) D:6            Lair (6/6) D:9
 Shoals (4/4) Lair:4       Spider (4/4) Lair:4        Slime (0/5) Lair:6
    Orc (2/2) D:9             Elf (0/3) Orc:2        Vaults (5/5) D:13
  Crypt (0/3) Vaults:2     Depths (5/5) D:15            Zot (5/5) Depths:5

Altars:
Ashenzari
Cheibriados
Dithmenos
Elyvilon
Fedhas
Gozag
Hepliaklqana
Kikubaaqudgha
Makhleb
Nemelex Xobeh
Okawaru
Qazlal
Ru
Sif Muna
Trog
Uskayaw
Vehumet
Xom
Yredelemnul
Zin
The Shining One
Beogh

Shops:
D:8 ?   D:9 (   D:14 *   Orc:2 (=[*   Vaults:2 %

Portals:
Hell: Depths:1 Depths:3 Depths:4 Depths:5
Abyss: Depths:2 Depths:3 Depths:4 Depths:5
Pandemonium: Depths:3
Ziggurat: Depths:3

Annotations:
D:5 jasper's ghost, novice TrHu


Innate Abilities, Weirdness & Mutations

You are under a permanent stasis effect.
You can dig through walls and to a lower floor.
Your four strong arms can wield two-handed weapons with a shield.
You have a pair of large antennae on your head. (SInv)
Your body sometimes deteriorates upon taking damage.
You are frail. (-10% HP)
Your magical capacity is low. (-10% MP)
You are weak. (Str -2)


Message History

The quicksilver dragon bites you but does no damage.
The quicksilver dragon claws you but does no damage.
You feel sick.
The quicksilver dragon breathes dispelling energy at you.
The bolt of dispelling energy hits you!
* * * LOW HITPOINT WARNING * * *
You hear a distant "Zot"!
You hear an angry hiss.
You block the Killer Klown's attack.
As you read the scroll of fear, it crumbles to dust.
You assume a fearsome visage.
The quicksilver dragon resists with almost no effort.
The Killer Klown resists with almost no effort.
The red draconian caller looks frightened!
The Killer Klown looks more healthy.
You block the quicksilver dragon's attack.
The quicksilver dragon claws you but does no damage.
The Killer Klown headlocks you.
* * * LOW HITPOINT WARNING * * *
The Killer Klown freezes you!!!
You die...

.........# #...............(....
.........## #.....^..............
..........###.....)....^.........
########...###...)..............#
##....##.))..†..........#*
###.).(.).).).3)......#*
#▓▓▓▓▓▓▓#▓▓▓##)....▓▓
▓▓▓▓...............▓*
##▓...D@..............▓*
##.§§§.p..........^.....▓ ▓▓▓▓▓▓▓
#..{q§............(......
......▓▓▓..§§....................
......{▓▓.§....[................▓
..§...§§▓......................▓▓
).d.{.§{^^....................▓*
.......{▓....................,,**
..^...{▓▓...................,,,,*


You could see a Killer Klown, a quicksilver dragon and a red draconian caller
(fleeing).

Vanquished Creatures
  Mara (Depths:2)
  4 orbs of fire (Zot:5)
  3 ancient liches
  3 juggernauts
  Margery (Vaults:3)
  Sojobo (Vaults:4)
  Frederick (Depths:5)
  Saint Roka (Vaults:2)
  A curse toe (Zot:3)
  Xtahua (Vaults:3)
  2 Killer Klowns (Zot:5)
  5 golden dragons
  A caustic shrike (Depths:5)
  the Enchantress (Depths:2)
  Jory (Vaults:5)
  Arachne (Spider:2)
  2 electric golems
  10 tentacled monstrosities
  4 liches
  16 Orb Guardians (Zot:5)
  5 quicksilver dragons
  4 titans
  2 sphinxes
  9 tengu reavers
  6 shadow dragons
  4 death cobs
  12 storm dragons
  Ilsuiw (Shoals:4)
  5 deep elf sorcerers
  Kirke (D:14)
  2 orc warlords (Orc:2)
  11 fire giants
  A balrug (Depths:5)
  18 frost giants
  5 ghost moths
  3 draconian knights (Zot:5)
  3 iron dragons
  Louise (Depths:2)
  13 vault wardens
  8 emperor scorpions
  3 draconian scorchers
  6 draconian zealots
  2 deep elf elementalists (Vaults:5)
  14 ironheart preservers
  A war gargoyle (Vaults:5)
  2 draconian callers
  3 entropy weavers
  4 draconian annihilators
  5 spriggan defenders
  16 stone giants
  15 very ugly things
  3 vampire knights (Depths:5)
  Nessos (D:12)
  2 deep elf demonologists (Vaults:5)
  6 green draconians
  3 purple draconians
  10 red draconians
  3 yellow draconians
  Azrael (D:12)
  3 mottled draconians
  4 white draconians
  A lorocyproca (Depths:3)
  7 spark wasps
  Snorg (Orc:2)
  3 merfolk javelineers
  18 ettins
  12 fire dragons
  2 deep elf death magi
  Josephine (Shoals:1)
  10 merfolk impalers
  14 great orbs of eyes
  2 deep elf high priests
  12 yaktaur captains
  18 ogre magi
  4 rakshasas
  17 ice dragons
  36 vault guards
  7 spriggan air magi
  9 hydras
  7 centaur warriors
  3 death knights
  3 satyrs
  3 merfolk aquamancers
  3 merfolk avatars
  11 deep troll earth magi
  Urug (D:12)
  12 deep troll shamans
  2 shock serpents (shapeshifter)
  9 tengu warriors
  A spriggan berserker (Depths:2)
  2 dancing weapons (Vaults:5)
  5 orc high priests (Orc:2)
  3 small abominations
  A sun demon (Depths:5)
  6 deep elf knights
  Sonja (Orc:2)
  The ghost of RighteousDevil the Blocker, a novice GrFi of Okawaru (D:9)
  A fire crab (shapeshifter) (Depths:2)
  7 iron trolls
  6 shadow wraiths
  11 hell knights
  2 unseen horrors (shapeshifter) (D:14)
  7 skeletal warriors
  11 sea snakes
  9 glowing orange brains
  36 deep trolls
  A gelid demonspawn (Depths:3)
  5 wizards
  4 flayed ghosts
  2 unseen horrors
  7 deep elf archers
  9 hill giants
  15 orc knights
  7 harpies
  6 phantasmal warriors
  A tengu zombie (Depths:4)
  3 large abominations (Vaults:5)
  19 ironbrand convokers
  An infernal demonspawn (Depths:3)
  25 orb spiders
  35 wolf spiders
  12 deep elf magi
  13 necromancers
  7 orc sorcerers
  22 ugly things
  21 fauns
  5 cyclopes
  A tengu skeleton (Vaults:4)
  2 salamanders (shapeshifter)
  A stone giant zombie (Vaults:3)
  16 moths of wrath
  Maurice (D:8)
  20 manticores
  6 black mambas
  8 water nymphs
  Joseph (D:7)
  11 sirens
  5 elephants (Lair:6)
  16 vault sentinels
  2 molten gargoyles
  A guardian serpent (Lair:6)
  3 torpor snails
  2 gargoyles
  15 spiny frogs
  6 rime drakes
  A komodo dragon (shapeshifter) (Vaults:1)
  12 komodo dragons
  A yaktaur zombie (Vaults:4)
  15 demonic crawlers
  8 freezing wraiths
  3 kobold demonologists
  30 yaktaurs
  7 tengu conjurers
  An elf skeleton (Depths:4)
  A meliai (shapeshifter) (Vaults:5)
  A red devil (Depths:3)
  A wind drake (shapeshifter) (Vaults:2)
  6 trolls
  34 jumping spiders
  2 wind drakes
  A polar bear (Lair:4)
  19 merfolk
  8 hornets
  16 slime creatures
  8 dream sheep
  28 two-headed ogres
  4 blink frogs (shapeshifter)
  15 blink frogs
  7 hippogriffs
  14 snapping turtles
  2 hippogriffs (shapeshifter)
  Sigmund (D:6)
  85 redbacks
  12 water elementals
  4 spriggans (Depths:2)
  A spriggan (shapeshifter) (Vaults:1)
  2 air elementals (Depths:4)
  11 wraiths
  34 tarantellas
  2 ettin skeletons
  A human (D:13)
  30 yaks
  5 fire bats
  A basilisk (shapeshifter) (Vaults:3)
  7 wyverns (Lair:6)
  3 fire elementals (D:12)
  2 basilisks
  A steam dragon (Lair:6)
  A yak (shapeshifter) (Vaults:3)
  3 hogs (D:14)
  3 hungry ghosts
  2 vampire mosquitoes
  A chaos spawn (Depths:3)
  A steam dragon (shapeshifter) (Vaults:4)
  9 wargs
  Grum (D:10)
  3 mottled dragons (Lair:6)
  5 hell hounds (D:12)
  12 water moccasins
  3 floating eyes
  A soldier ant (D:13)
  8 porcupines
  A swamp drake (Lair:6)
  50 orc warriors
  A floating eye (shapeshifter) (Vaults:5)
  A hornet zombie (D:14)
  18 ice beasts
  2 eyes of draining (D:10)
  4 sky beasts
  A black bear (shapeshifter) (Depths:2)
  A black bear (D:12)
  56 ogres
  12 boggarts
  2 phantoms
  3 necrophages
  13 wolves
  7 centaurs
  A human skeleton (Vaults:2)
  12 crocodiles
  5 big kobolds
  A gnoll sergeant (D:10)
  22 bullfrogs
  A wyvern zombie (D:13)
  A water moccasin zombie (D:5)
  11 scorpions
  2 human simulacra (Vaults:2)
  A water moccasin skeleton (D:9)
  5 killer bees
  9 howler monkeys
  4 electric eels
  A bullfrog zombie (D:13)
  7 lava snakes
  4 centaur zombies
  6 human zombies
  9 crimson imps
  6 hounds
  26 orc priests
  7 bullfrog skeletons
  5 jellies
  3 centaur skeletons
  33 orc wizards
  18 iguanas
  20 worker ants
  A big kobold zombie (Ossuary)
  A hound zombie (D:6)
  4 mummies
  2 worker ant zombies
  A hound skeleton (D:10)
  17 gnolls
  3 scorpion zombies (Ossuary)
  19 adders
  2 river rats
  5 shadow imps
  3 oozes
  3 worms (D:2)
  8 dart slugs
  3 leopard geckos
  128 orcs
  A ball python (D:4)
  9 giant cockroaches
  2 gnoll zombies (Ossuary)
  19 goblins
  24 hobgoblins
  13 jackals
  5 quokkas
  4 bats
  4 frilled lizards
  3 goblin zombies (Ossuary)
  4 hobgoblin zombies
  10 kobolds
  2 kobold zombies
  2 leopard gecko skeletons
  2 orc zombies
  A quokka skeleton (D:4)
  A quokka zombie (D:6)
  10 rats
  A plant (Shoals:2)
2165 creatures vanquished.

Vanquished Creatures (collateral kills)
  An ancient lich (Zot:5)
  A tentacled monstrosity (Zot:5)
  3 Orb Guardians (Zot:5)
  Asterion (Vaults:1)
  A death cob (Zot:5)
  2 tengu reavers (Vaults:4)
  The ghost of edgefigaro the Impaler, an adept MfBe of Trog (Depths:2)
  A draconian monk (Zot:5)
  3 fire giants
  A draconian knight (Zot:1)
  4 vault wardens
  A frost giant (Depths:3)
  A draconian shifter (Zot:5)
  3 ironheart preservers
  A war gargoyle (Zot:3)
  A draconian caller (Zot:1)
  An entropy weaver (Vaults:2)
  2 very ugly things
  A green draconian (Zot:1)
  A mottled draconian (Zot:1)
  A deep elf demonologist (Vaults:3)
  3 stone giants
  A purple draconian (Zot:2)
  An ettin (Depths:4)
  A crystal guardian (Vaults:4)
  A fire dragon (Vaults:1)
  A yaktaur captain (Depths:4)
  2 ice dragons
  2 vault guards (Vaults:5)
  3 ogre magi
  A deep troll shaman (Depths:5)
  4 centaur warriors
  2 tengu warriors
  2 deep troll earth magi (Depths:5)
  2 deep elf knights
  A sun demon (Depths:5)
  A hell knight (Depths:5)
  A spriggan berserker (Depths:5)
  A titan skeleton (Depths:4)
  6 deep trolls
  3 deep elf archers (Vaults:4)
  4 ironbrand convokers
  2 orc knights (Vaults:1)
  A hill giant (D:11)
  3 harpies (Vaults:4)
  An ugly thing (Vaults:1)
  A necromancer (Depths:5)
  A manticore (D:13)
  2 deep elf magi
  A cyclops (D:13)
  A moth of wrath (Zot:1)
  4 vault sentinels
  A water nymph (shapeshifter) (Depths:1)
  3 centaur skeletons (D:13)
  A hellion (Depths:3)
  8 yaktaurs
  A rime drake (D:11)
  A tengu conjurer (Depths:2)
  6 two-headed ogres
  2 slime creatures (Vaults:1)
  A redback (Vaults:3)
  A yak (shapeshifter) (Depths:2)
  A fire bat (Depths:3)
  3 vampire mosquitoes (D:13)
  An ettin simulacrum (Vaults:1)
  2 orc warriors (D:13)
  An eye of draining (D:13)
  A boggart (Vaults:1)
  A human zombie (Vaults:2)
  3 ogres
  3 centaurs (Vaults:1)
  2 bullfrogs
  2 howler monkeys
  A crimson imp (D:11)
  2 orc wizards
  5 orcs
145 creatures vanquished.

Vanquished Creatures (others)
  An ancient lich (Vaults:5)
  A curse toe (Zot:5)
  A titan (Vaults:5)
  A draconian annihilator (Zot:1)
  An ironheart preserver (Vaults:2)
  5 stone giants
  A deep elf death mage (Vaults:2)
  A merfolk javelineer (Shoals:2)
  4 yaktaur captains
  An ice dragon (Depths:3)
  A centaur warrior (D:15)
  A satyr (Shoals:4)
  2 deep elf archers
  3 fauns
  A cyclops (Shoals:2)
  A black mamba (Lair:6)
  A siren (Shoals:4)
  4 yaktaurs
  A two-headed ogre (Vaults:1)
  2 humans (D:14)
  A basilisk (Lair:6)
  An ogre (Vaults:3)
  4 centaurs
  2 scorpions (Ossuary)
  A hobgoblin zombie (Ossuary)
  An orc zombie (Ossuary)
  A crawling corpse (Vaults:5)
  15 fungi
  27 plants
  4 tentacles (Shoals:3)
91 creatures vanquished.

Grand Total: 2401 creatures vanquished

Notes
Turn   | Place    | Note
-------+----------+-------------------------------------------
     0 | D:1      | sleepydude the Formicid Fighter began the quest for the Orb.
     0 | D:1      | Reached XP level 1. HP: 18/18 MP: 1/1
   173 | D:1      | Reached XP level 2. HP: 24/24 MP: 2/2
   216 | D:1      | Reached skill level 4 in Shields
   260 | D:1      | Reached XP level 3. HP: 10/29 MP: 3/3
  1151 | D:2      | Reached XP level 4. HP: 36/37 MP: 4/4
  1511 | D:2      | Reached XP level 5. HP: 38/42 MP: 5/5
  2429 | D:4      | Reached XP level 6. HP: 49/49 MP: 6/6
  2447 | D:4      | Reached skill level 5 in Shields
  2577 | D:4      | Found a sand-covered staircase.
  2586 | Ossuary  | Entered an ossuary
  2784 | Ossuary  | Reached XP level 7. HP: 51/55 MP: 7/7
  2825 | Ossuary  | Reached skill level 5 in Armour
  2875 | Ossuary  | Reached skill level 5 in Fighting
  3188 | Ossuary  | Reached skill level 6 in Shields
  3191 | Ossuary  | Reached XP level 8. HP: 47/63 MP: 8/8
  4199 | D:5      | Entered Level 5 of the Dungeon
  4214 | D:5      | Noticed jasper's ghost (novice TrHu)
  4656 | D:5      | Reached skill level 5 in Maces & Flails
  5262 | D:6      | Noticed Sigmund
  5288 | D:6      | Killed Sigmund
  5288 | D:6      | Reached skill level 7 in Shields
  5288 | D:6      | Reached XP level 9. HP: 47/71 MP: 9/9
  5829 | D:6      | Found a staircase to the Ecumenical Temple.
  5838 | Temple   | Entered the Ecumenical Temple
  5950 | Temple   | Became a worshipper of Warmaster Okawaru
  6292 | D:6      | Got an iridescent flail
  6298 | D:6      | Identified the cursed +1 flail of Symmetry {crush, rF+ rN+ Str-3} (You found it on level 6 of the Dungeon)
  6380 | D:6      | Reached skill level 8 in Shields
  6384 | D:6      | Reached * piety under Okawaru
  6759 | D:7      | Noticed Joseph
  6781 | D:7      | Killed Joseph
  6900 | D:7      | Reached XP level 10. HP: 70/80 MP: 10/10
  7007 | D:7      | Reached ** piety under Okawaru
  7293 | D:8      | Noticed a hill giant
  7295 | D:8      | Noticed a centaur warrior
  7351 | D:8      | Reached skill level 9 in Shields
  7883 | D:8      | Found Dinap's Magic Scroll Emporium.
  7905 | D:8      | Noticed Maurice
  7964 | D:8      | Killed Maurice
  7964 | D:8      | Reached *** piety under Okawaru
  8150 | D:8      | Reached skill level 10 in Shields
  8154 | D:8      | Reached **** piety under Okawaru
  8170 | D:8      | Noticed a three-headed hydra
  8188 | D:8      | Killed a three-headed hydra
  8188 | D:8      | Reached XP level 11. HP: 79/89 MP: 11/11
  8295 | D:8      | Killed a centaur warrior
  8314 | D:8      | Got a pitted mace
  8315 | D:8      | Identified the +11 mace of Gussef {elec, rC+} (You found it on level 8 of the Dungeon)
  8343 | D:7      | HP: 4/89 [vampire mosquito (10)]
  8760 | D:9      | Found a staircase to the Lair.
  8829 | D:9      | Reached skill level 10 in Armour
  8838 | D:9      | Noticed RighteousDevil's ghost (novice GrFi)
  8868 | D:9      | Killed RighteousDevil's ghost
  8868 | D:9      | Reached ***** piety under Okawaru
  8974 | D:9      | Reached skill level 10 in Fighting
  9013 | D:9      | Reached skill level 11 in Shields
  9165 | D:9      | Found a staircase to the Orcish Mines.
  9165 | D:9      | Found Fyst's Weapon Boutique.
  9428 | D:10     | Entered Level 10 of the Dungeon
  9488 | D:10     | Found a flagged portal.
  9506 | Bailey   | Entered a bailey
  9876 | Bailey   | Noticed an orc knight
  9876 | Bailey   | Noticed an orc warlord
 10132 | D:10     | Noticed Grum
 10153 | D:10     | Killed Grum
 10360 | D:10     | Reached XP level 12. HP: 98/98 MP: 1/12
 10983 | Lair:1   | Entered Level 1 of the Lair of Beasts
 11062 | Lair:1   | Found a dark tunnel.
 11087 | Volcano  | Entered a volcano
 11474 | Volcano  | Found a bloodstained altar of Trog.
 11474 | Volcano  | Noticed a centaur warrior
 11484 | Volcano  | Killed a centaur warrior
 11486 | Volcano  | Received a gift from Okawaru
 11678 | Volcano  | Noticed a red draconian
 11694 | Volcano  | Killed a red draconian
 11694 | Volcano  | Reached skill level 12 in Shields
 12822 | Lair:2   | Reached skill level 10 in Maces & Flails
 12838 | Lair:2   | Reached ****** piety under Okawaru
 12846 | Lair:2   | Received a gift from Okawaru
 12948 | Lair:2   | Reached XP level 13. HP: 107/107 MP: 13/13
 13102 | Lair:2   | Noticed a five-headed hydra
 13113 | Lair:2   | Killed a five-headed hydra
 13221 | Lair:2   | Reached skill level 1 in Dodging
 13634 | Lair:2   | Noticed a seven-headed hydra
 13645 | Lair:2   | Killed a seven-headed hydra
 13899 | Lair:3   | Reached skill level 13 in Shields
 14598 | Lair:4   | Got a ruby-studded plate armour
 14619 | Lair:4   | Identified the cursed +0 plate armour "Ciaqawnex" {+Fly} (You found it on level 4 of the Lair of Beasts)
 15004 | Lair:4   | Found a staircase to the Shoals.
 15198 | Lair:4   | Found a hole to the Spider Nest.
 15210 | Lair:4   | Received a gift from Okawaru
 15458 | Lair:4   | Identified a scroll of acquirement
 16563 | Lair:5   | Noticed a six-headed hydra
 16585 | Lair:5   | Killed a six-headed hydra
 16689 | Lair:5   | Noticed a six-headed hydra
 16690 | Lair:5   | Noticed a six-headed hydra
 16710 | Lair:5   | Killed a six-headed hydra
 16716 | Lair:5   | Killed a six-headed hydra
 16716 | Lair:5   | Reached skill level 1 in Invocations
 16716 | Lair:5   | Reached XP level 14. HP: 116/116 MP: 6/15
 16860 | Lair:6   | Entered Level 6 of the Lair of Beasts
 17078 | Lair:6   | Found a staircase to the Slime Pits.
 17163 | Lair:6   | Received a gift from Okawaru
 17435 | Lair:6   | Reached skill level 14 in Shields
 17704 | Lair:6   | Reached skill level 5 in Invocations
 18262 | Lair:6   | Got a faintly glowing amethyst amulet
 18263 | Lair:6   | Identified the amulet "Zeiffe" {Gourm rN+} (You found it on level 6 of the Lair of Beasts)
 18700 | Orc:1    | Entered Level 1 of the Orcish Mines
 18938 | Orc:1    | Found a roughly hewn altar of Beogh.
 19135 | Orc:2    | Entered Level 2 of the Orcish Mines
 19171 | Orc:2    | Noticed an orc warlord
 19198 | Orc:2    | Received a gift from Okawaru
 19218 | Orc:2    | Killed an orc warlord
 19218 | Orc:2    | Reached XP level 15. HP: 99/124 MP: 14/19
 19363 | Orc:2    | Noticed Snorg
 19379 | Orc:2    | Killed Snorg
 19442 | Orc:2    | Found a staircase to the Elven Halls.
 19453 | Orc:2    | Noticed Sonja
 19470 | Orc:2    | Killed Sonja
 19944 | Orc:2    | Noticed an orc warlord
 19980 | Orc:2    | Killed an orc warlord
 20088 | Orc:2    | Reached skill level 15 in Shields
 20429 | Orc:2    | Found Ythenukk's Antique Armour Shop.
 20430 | Orc:2    | Found Utott's Antique Weapon Boutique.
 20432 | Orc:2    | Found Leifeop's General Store.
 20432 | Orc:2    | Found Kouripn's Jewellery Shop.
 20793 | Orc:2    | Reached skill level 1 in Axes
 21021 | Spider:1 | Entered Level 1 of the Spider Nest
 21211 | Spider:1 | Noticed an emperor scorpion
 21235 | Spider:1 | Killed an emperor scorpion
 21276 | Spider:1 | Received a gift from Okawaru
 21998 | Spider:2 | Received a gift from Okawaru
 22034 | Spider:2 | Reached XP level 16. HP: 119/134 MP: 20/20
 22943 | Spider:2 | Noticed Arachne
 22970 | Spider:2 | Killed Arachne
 22977 | Spider:2 | Reached skill level 5 in Axes
 23008 | Spider:2 | Reached skill level 15 in Armour
 23067 | Spider:1 | Reached skill level 16 in Shields
 23356 | Spider:2 | Reached skill level 15 in Fighting
 24556 | Spider:3 | Received a gift from Okawaru
 25756 | Spider:3 | Reached XP level 17. HP: 135/142 MP: 19/21
 25858 | Spider:4 | Entered Level 4 of the Spider Nest
 26664 | Spider:4 | Reached skill level 17 in Shields
 26722 | Spider:4 | Received a gift from Okawaru
 26728 | Spider:4 | Identified the +1 ring mail of Conscience {rPois Int+4 Dex+2} (Okawaru gifted it to you on level 4 of the Spider Nest)
 27830 | Spider:4 | Got a gossamer rune of Zot
 28003 | Shoals:1 | Entered Level 1 of the Shoals
 28453 | Shoals:1 | Noticed Josephine
 28474 | Shoals:1 | Killed Josephine
 28821 | Shoals:1 | Received a gift from Okawaru
 28935 | Shoals:1 | Reached XP level 18. HP: 152/152 MP: 19/22
 30766 | Shoals:3 | Received a gift from Okawaru
 31812 | Shoals:3 | Noticed a kraken
 31847 | Shoals:4 | Entered Level 4 of the Shoals
 31869 | Shoals:4 | Reached skill level 10 in Axes
 32504 | Shoals:4 | Reached skill level 18 in Shields
 33030 | Shoals:4 | Got a barnacled rune of Zot
 33065 | Shoals:4 | Received a gift from Okawaru
 33082 | Shoals:4 | Noticed Ilsuiw
 33167 | Shoals:4 | Killed Ilsuiw
 33595 | Shoals:4 | Reached XP level 19. HP: 81/161 MP: 16/23
 34920 | Orc:2    | Bought the cursed +14 obsidian axe {chop, +Fly SInv *Curse} for 2847 gold pieces
 35905 | D:12     | Noticed Urug
 35907 | D:12     | Noticed Nessos
 35919 | D:12     | Killed Urug
 35922 | D:12     | Killed Nessos
 36020 | D:12     | Noticed Azrael
 36036 | D:12     | Killed Azrael
 36794 | D:13     | Received a gift from Okawaru
 37216 | D:13     | Found a gate to the Vaults.
 37814 | D:14     | Noticed Kirke
 37825 | D:14     | Killed Kirke
 38019 | D:14     | Found Pustall's Changing Room.
 38287 | D:15     | Entered Level 15 of the Dungeon
 38369 | D:15     | Received a gift from Okawaru
 38552 | D:15     | Reached skill level 19 in Shields
 38559 | D:15     | Found a staircase to the Depths.
 38787 | D:15     | Received a gift from Okawaru
 39353 | Vaults:1 | Entered Level 1 of the Vaults
 39377 | Vaults:1 | Noticed Asterion
 39388 | Vaults:1 | Killed Asterion
 39650 | Vaults:1 | Reached XP level 20. HP: 161/170 MP: 24/24
 39666 | Vaults:1 | Received a gift from Okawaru
 39670 | Vaults:1 | Got a faintly glowing great mace {god gift}
 39672 | Vaults:1 | Got an iridescent broad axe {venom}
 39674 | Vaults:1 | Identified the +1 great mace "Huxac" {speed, *Drain rElec Int+3 SInv} (Okawaru gifted it to you on level 1 of the Vaults)
 39675 | Vaults:1 | Identified the +7 broad axe of Dominance {venom, Str+4} (You took it off an orc knight on level 1 of the Vaults)
 40991 | Orc:2    | Bought an uncursed ring of protection from fire for 400 gold pieces
 41253 | Vaults:2 | Noticed Saint Roka
 41276 | Vaults:2 | Killed Saint Roka
 41611 | Vaults:2 | Received a gift from Okawaru
 41641 | Vaults:2 | Found Gauqidd's Food Emporium.
 41733 | Vaults:2 | Got an ichor-stained large shield
 41744 | Vaults:2 | Identified the +2 large shield "Torenydo" {rC- rN+++ Regen+ Dex-2} (You acquired it on level 2 of the Vaults)
 42393 | Vaults:2 | Reached XP level 21. HP: 179/179 MP: 25/25
 42484 | Vaults:2 | Reached skill level 20 in Shields
 42826 | Vaults:2 | Found a staircase to the Crypt.
 43204 | Vaults:2 | Received a gift from Okawaru
 43671 | Depths:1 | Entered Level 1 of the Depths
 44020 | Orc:2    | Bought an uncursed ring of protection from cold for 400 gold pieces
 44663 | Depths:1 | Found a gateway to Hell.
 44720 | Depths:1 | Noticed a golden dragon
 44728 | Depths:1 | Killed a golden dragon
 45001 | Depths:1 | Found a sparkling altar of Nemelex Xobeh.
 45481 | Depths:2 | Noticed Mara
 45484 | Depths:2 | Noticed sleepydude's illusion
 45503 | Depths:2 | Killed Mara
 45503 | Depths:2 | Received a gift from Okawaru
 45529 | Depths:2 | Reached XP level 22. HP: 148/188 MP: 26/26
 45884 | Depths:2 | Noticed the Enchantress
 45923 | Depths:2 | Killed the Enchantress
 45927 | Depths:2 | Got faerie dragon scales
 45938 | Depths:2 | Identified the +0 faerie dragon scales {rElec Regen+ Str-2 Dex+8} (You took it off the Enchantress on level 2 of the Depths)
 46064 | Depths:2 | Noticed edgefigaro's ghost (adept MfBe)
 46086 | Depths:2 | Killed edgefigaro's ghost
 46086 | Depths:2 | Received a gift from Okawaru
 46173 | Depths:2 | Found a one-way gate to the infinite horrors of the Abyss.
 46173 | Depths:2 | Noticed Louise
 46181 | Depths:2 | Killed Louise
 46450 | Depths:2 | Reached skill level 21 in Shields
 46497 | Depths:2 | Received a gift from Okawaru
 46759 | Depths:2 | Got a vibrating glass ring
 46775 | Depths:2 | Identified the ring "Heckaung" {Str+5 Int+5} (You found it on level 2 of the Depths)
 47199 | Depths:3 | Noticed a juggernaut
 47258 | Depths:3 | Found a gateway to a ziggurat.
 47370 | Depths:3 | Received a gift from Okawaru
 47469 | Depths:3 | Killed a juggernaut
 47836 | Depths:3 | Found a one-way gate leading to the halls of Pandemonium.
 48011 | Depths:3 | Reached XP level 23. HP: 158/198 MP: 27/27
 48277 | Depths:3 | Reached skill level 15 in Axes
 48964 | Depths:4 | Received a gift from Okawaru
 49762 | Depths:4 | Reached skill level 22 in Shields
 50282 | Depths:5 | Entered Level 5 of the Depths
 50438 | Depths:5 | Noticed a golden dragon
 50446 | Depths:5 | Killed a golden dragon
 50459 | Depths:5 | Received a gift from Okawaru
 50911 | Depths:5 | Noticed a juggernaut
 50925 | Depths:5 | Killed a juggernaut
 50947 | Depths:5 | Reached XP level 24. HP: 193/208 MP: 24/27
 51178 | Depths:5 | Noticed a caustic shrike
 51187 | Depths:5 | Killed a caustic shrike
 51308 | Depths:5 | Received a gift from Okawaru
 51388 | Depths:5 | Noticed Frederick
 51402 | Depths:5 | Killed Frederick
 51830 | Depths:5 | Noticed a juggernaut
 51845 | Depths:5 | Killed a juggernaut
 51986 | Depths:5 | Found a gate to the Realm of Zot.
 52280 | Depths:5 | Received a gift from Okawaru
 52454 | Depths:1 | Reached skill level 5 in Dodging
 52877 | Vaults:3 | Noticed Margery
 52892 | Vaults:3 | Killed Margery
 53175 | Vaults:3 | Noticed Xtahua
 53185 | Vaults:3 | Killed Xtahua
 53213 | Vaults:3 | Reached XP level 25. HP: 216/216 MP: 26/27
 53300 | Vaults:3 | Received a gift from Okawaru
 53318 | Vaults:3 | Reached skill level 23 in Shields
 53772 | Vaults:4 | Noticed Sojobo
 53788 | Vaults:4 | Killed Sojobo
 54651 | Vaults:4 | Identified the cursed +0 scale mail of the Guilds {*Slow rPois Regen+ Dex+8} (You found it on level 4 of the Vaults)
 55218 | Vaults:4 | Received a gift from Okawaru
 55232 | Vaults:4 | Gained mutation: Your magical capacity is low. (-10% MP) [a neqoxec]
 56219 | Vaults:5 | Entered Level 5 of the Vaults
 56259 | Vaults:5 | Reached XP level 26. HP: 180/226 MP: 20/24
 56268 | Vaults:5 | Noticed an ancient lich
 56347 | Vaults:5 | Killed an ancient lich
 56351 | Vaults:5 | Received a gift from Okawaru
 56547 | Vaults:5 | Reached skill level 24 in Shields
 56783 | Vaults:5 | Received a gift from Okawaru
 56801 | Vaults:4 | Identified a +1 pair of boots of running (Okawaru gifted it to you on level 5 of the Vaults)
 57227 | Vaults:5 | Reached skill level 10 in Dodging
 57257 | Vaults:5 | Got a sparkling platinum ring
 57263 | Vaults:5 | Identified the ring "Yvaod" {+Inv rElec rF+ Int-2 SInv} (You took it off a vault warden on level 5 of the Vaults)
 57294 | Vaults:5 | Reached XP level 27. HP: 107/235 MP: 24/24
 57303 | Vaults:5 | Noticed Jory
 57319 | Vaults:5 | Killed Jory
 57646 | Vaults:5 | Got a fine granite ring
 57661 | Vaults:5 | Identified Vaecon Loab's Casting, Part One
 57685 | Vaults:5 | Identified the ring of Res Nullius {Fire Dex+6} (You found it on level 5 of the Vaults)
 57869 | Vaults:5 | Got a silver rune of Zot
 58797 | Zot:1    | Entered Level 1 of the Realm of Zot
 59548 | D:8      | Bought a scroll of remove curse for 39 gold pieces
 59548 | D:8      | Bought a scroll of identify for 26 gold pieces
 59548 | D:8      | Bought a scroll of enchant armour for 97 gold pieces
 59548 | D:8      | Bought a scroll of remove curse for 39 gold pieces
 59548 | D:8      | Bought a scroll of remove curse for 39 gold pieces
 59548 | D:8      | Bought a scroll of enchant armour for 97 gold pieces
 59947 | Zot:1    | Received a gift from Okawaru
 60471 | Zot:3    | Reached skill level 25 in Shields
 60646 | Zot:3    | Noticed an ancient lich
 60790 | Zot:3    | Killed an ancient lich
 60950 | Zot:5    | Entered Level 5 of the Realm of Zot
 60997 | Zot:5    | Received a gift from Okawaru
 61221 | Zot:5    | Noticed an ancient lich
 61236 | Zot:5    | Killed an ancient lich
 61390 | Zot:5    | Received a gift from Okawaru
 61394 | Zot:5    | Noticed an orb of fire
 61403 | Zot:5    | Killed an orb of fire
 61492 | Zot:5    | Noticed an ancient lich
 61499 | Zot:5    | Noticed an ancient lich
 61500 | Zot:5    | Killed an ancient lich
 61513 | Zot:5    | Killed an ancient lich
 61679 | Zot:5    | Received a gift from Okawaru
 61724 | Zot:5    | Noticed an orb of fire
 61725 | Zot:5    | Noticed an orb of fire
 61744 | Zot:5    | Killed an orb of fire
 61748 | Zot:5    | Gained mutation: You are frail. (-10% HP) [an orb of fire]
 61750 | Zot:5    | Killed an orb of fire
 61760 | Zot:5    | Noticed an orb of fire
 61774 | Zot:5    | Reached skill level 26 in Shields
 61789 | Zot:5    | Got the Orb of Zot
 61805 | Zot:5    | Gained mutation: Your body sometimes deteriorates upon taking damage. [an orb of fire]
 61814 | Zot:5    | Gained mutation: You are weak. (Str -2) [an orb of fire]
 61815 | Zot:5    | Killed an orb of fire
 61828 | Zot:5    | Mangled by a Killer Klown

Skill      XL: |  1  2  3  4  5  6  7  8  9 10 11 12 13 14 15 16 17 18 19 20 21 22 23 24 25 26 27 |
---------------+----------------------------------------------------------------------------------+-----
Shields        | 4 5 6 7 8 10 11 12 13 14 15 16 17 18 19 20 21 22 23 24 26 | 26.0
Fighting       | 4 5 6 7 9 10 11 12 13 14 15 16 17 18 19 20 21 22 23 24 | 24.6
Armour         | 4 5 6 7 9 10 11 12 13 14 15 16 17 18 19 20 21 22 24 | 24.3
Maces & Flails | 3 4 5 6 8 9 10 11 12 | 12.3
Dodging        | 3 5 8 10 13 | 13.3
Invocations    | 1 5 |  5.7
Axes           | 3 6 9 10 11 12 13 14 15 16 | 16.1

Action                   |  1- 3 |  4- 6 |  7- 9 | 10-12 | 13-15 | 16-18 | 19-21 | 22-24 | 25-27 || total
-------------------------+-------+-------+-------+-------+-------+-------+-------+-------+-------++-------
Melee: Flail             |   120 |   231 |   476 |   251 |       |       |       |       |       ||  1078
       Mace              |       |       |       |   499 |  1273 |  1657 |   111 |    12 |    16 ||  3568
       Demon whip        |       |       |       |       |     9 |       |       |       |       ||     9
       Broad axe         |       |       |       |       |       |       |  1043 |  1012 |  1292 ||  3347
Invok: Heroism           |       |       |       |     4 |    11 |    21 |    10 |    12 |    16 ||    74
       Finesse           |       |       |       |     2 |     9 |     9 |     8 |    10 |    13 ||    51
 Abil: Dig               |     1 |     2 |     6 |    16 |    21 |    32 |     7 |    13 |     9 ||   107
       Stop Flying       |       |       |       |     1 |       |       |     1 |       |       ||     2
       Evoke Flight      |       |       |       |       |       |     1 |       |       |       ||     1
Evoke: Sack of spiders   |       |       |       |       |     1 |       |       |       |       ||     1
  Use: Potion            |     2 |       |     1 |     7 |     1 |     5 |     2 |     4 |    15 ||    37
       Scroll            |       |    11 |     2 |    10 |     9 |     9 |     8 |     5 |    26 ||    80
 Stab: Distracted        |       |       |       |       |       |       |    12 |     7 |    12 ||    31
  Eat: Chunk             |       |     6 |     2 |    13 |    23 |    12 |    19 |     7 |     4 ||    86
       Pizza             |       |     1 |       |     1 |     2 |     6 |     1 |       |     2 ||    13
       Beef jerky        |       |     1 |       |     1 |     1 |     1 |     3 |     3 |     3 ||    13
       Royal jelly       |       |     1 |       |       |       |       |       |     1 |     2 ||     4
       Bread ration      |       |       |     2 |       |       |     3 |     1 |       |     2 ||     8
       Meat ration       |       |       |       |     2 |     1 |       |     2 |     3 |     1 ||     9
       Fruit             |       |       |       |       |       |     9 |       |     3 |     6 ||    18
Armor: Scale mail        |     4 |       |       |       |       |       |       |       |       ||     4
       Plate armour      |    49 |    94 |   159 |   160 |   313 |   580 |   253 |   193 |   200 ||  2001
       Gold dragon scale |       |       |       |       |       |       |       |       |   130 ||   130
Dodge: Dodged            |    18 |    34 |    59 |    89 |   163 |   352 |   133 |   139 |   269 ||  1256
Block: Shield            |    72 |   129 |   281 |   436 |   128 |       |       |       |       ||  1046
       Reflection        |       |       |     6 |    17 |    16 |   120 |   129 |    72 |    67 ||   427
       Large shield      |       |       |       |       |   829 |  1918 |  1126 |   801 |  1380 ||  6054
